Match 36476894
Unlisted

Match 36476894
End
Construct Infanterie Kompanie
Grenadier Squad
Grenadier Squad
Selects Breakthrough Battlegroup
Selects Assault Grenadiers
Grenadier Squad
Infanterie Officer Quarters
MG 42 Machine Gun Team
Construct Luftwaffe Kompanie
Kettenkrad Recon Vehicle
GrW 34 Mortar Team
Support Elements
Marder III M Tank Destroyer
Selects Rapid Production
Xiaya
TheGreatone
TBlackbeart
Starfucker
Svenious Jakobus (GB)
Yaas
0
0

Comments sign in to comment!

No comments posted yet!